[Event "10th Beirut Open-ch 2019"]
[Site "Beirut"]
[Date "2019.05.01"]
[Round "6.3"]
[White "Cherniaev, Alexander"]
[Black "Dimitrijevic, Aleksandra"]
[Result "1-0"]
[ECO "B07"]
[WhiteElo "2401"]
[BlackElo "2164"]
[Annotator "NA"]
[PlyCount "130"]
[EventDate "2019.04.25"]
[EventType "swiss"]
[EventRounds "9"]
[EventCountry "LBN"]
[SourceTitle "playchess.com"]
[Source "ChessBase"]
[SourceQuality "1"]
[TimeControl "5400+30"]

1. d4 d6 2. e4 Nf6 3. Nc3 c6 4. Nge2 e5 5. h3 Qc7 6. g4 h6 7. Bg2 Be7 8. Be3 b6 9. Ng3 g6 10. Qd2 h5 11. O-O-O Nbd7 12. g5 Nh7 13. h4 Bb7 14. f4 exf4 15. Bxf4 O-O-O 16. Kb1 Rhe8 17. a3 a6 18. Rdf1 f6 19. gxf6 Bxf6 20. Nge2 Kb8 21. Bg3 Ka7 22. Rf2 Re7 23. Bh3 Bg7 24. Nf4 Ndf8 25. Re1 Nf6 26. Rff1 Rde8 27. Bg2 Qd8 28. Rd1 Ka8 29. Bf3 N6h7 30. Qg2 Bh8 $2 (30... Ka7 31. e5 dxe5) 31. Qh2 (31. e5 $142) 31... b5 (31... Rd7 $142 32. Nfe2 Nf6) 32. Qg2 Rd7 33. Nfe2 ({White should try} 33. e5 $18) 33... Qc8 34. Qh2 Qd8 35. Bg2 (35. e5 $18 {and White stays clearly on top.}) 35... Nf6 36. Bh3 Ng4 37. Bxg4 hxg4 38. Rf4 ({White should try} 38. h5 $16) 38... c5 39. Rxg4 b4 40. axb4 cxb4 41. Nd5 Qa5 (41... Nh7 $142 42. Rf1 (42. Rxg6 Rxe4 43. Nef4 Nf6 $16) 42... Nf6 43. Nxf6 (43. Rxg6 $2 Nxe4 44. Rf5 Qa5 $19) 43... Bxf6) 42. Bxd6 Bxd5 43. exd5 Rxe2 44. Qxe2 Rxd6 45. h5 Qxd5 46. hxg6 Bg7 47. Rf1 Ne6 48. Qe4 Qxe4 49. Rxe4 Bxd4 (49... Kb8 $142 50. c3 Nd8) 50. Rd1 Kb7 51. g7 Nxg7 52. Rdxd4 Rg6 53. Rxb4+ Kc6 54. Rg4 Rxg4 $18 55. Rxg4 Nf5 56. Ka2 Ne3 57. Rh4 Nf5 58. Rh3 Nd4 59. c3 Nf5 60. b4 Nd6 61. Rh6 Kd5 62. Kb3 Kc6 63. Ka4 Kc7 64. Rxd6 Kxd6 65. Ka5 Kd5 1-0

[Event "10th Beirut Open-ch 2019"]
[Site "Beirut"]
[Date "2019.05.01"]
[Round "6.5"]
[White "Kaloust, Giorgio"]
[Black "El Jawich, Amro"]
[Result "1/2-1/2"]
[ECO "A53"]
[WhiteElo "1919"]
[BlackElo "2238"]
[Annotator "NA"]
[PlyCount "120"]
[EventDate "2019.04.25"]
[EventType "swiss"]
[EventRounds "9"]
[EventCountry "LBN"]
[SourceTitle "playchess.com"]
[Source "ChessBase"]
[SourceQuality "1"]
[TimeControl "5400+30"]

1. d4 Nf6 2. c4 d6 3. Nc3 Nbd7 4. e4 e5 5. d5 Nc5 6. f3 a5 7. Be3 g6 8. Qd2 {[%emt 0:02:40] A53: Old Indian Defence without Nf3} Bg7 9. h4 $146 ({Predecessor:} 9. Nge2 Bd7 10. O-O-O h5 11. Kb1 Qb8 12. Nc1 O-O 13. Be2 a4 14. h3 Nh7 15. g4 f5 16. gxf5 gxf5 {1-0 (36) Ratkovic,M (2378)-Saric,S (2422) Kragujevac 2016}) 9... Nh5 10. Nge2 f5 11. exf5 gxf5 12. O-O-O O-O 13. g4 fxg4 14. fxg4 Bxg4 15. Rg1 Nf6 16. Bg5 (16. Bxc5 $1 $11 dxc5 17. Re1) 16... h5 17. Ng3 Qe8 18. Be2 Qg6 19. Rdf1 Bxe2 20. Qxe2 Ng4 21. Qc2 e4 ({Better is} 21... Nd3+ $15 22. Kb1 Rf2 23. Rxf2 Ngxf2) 22. Ncxe4 Nxe4 23. Nxe4 Rxf1+ 24. Rxf1 Rf8 25. Rxf8+ Kxf8 26. Ng3 Qf7 27. Qf5 Qxf5 28. Nxf5 Be5 29. Bd8 c6 30. Bxa5 cxd5 31. cxd5 Ke8 32. Kd2 Nf6 33. Bc3 Nxd5 34. Bxe5 dxe5 35. Nd6+ Kd7 36. Nxb7 Ne7 37. Nc5+ Kc6 38. Ne4 Nf5 39. Nf6 Nxh4 40. Nxh5 Kd5 41. Ng3 Kd4 42. Ne2+ Ke4 43. Kc3 Ke3 44. Nc1 Nf5 45. a4 Nd6 46. a5 Ke4 47. b4 Kd5 48. Ne2 Kc6 49. Kb3 e4 50. Nd4+ Kb7 51. Ka4 e3 52. b5 Nf5 53. Ne2 Nd6 54. Kb4 Ne4 55. a6+ Kb6 56. Nc3 Nf6 57. Kc4 $11 e2 58. Nxe2 Ne8 59. Nc3 Nd6+ 60. Kb4 Nxb5 1/2-1/2

[Event "10th Beirut Open-ch 2019"]
[Site "Beirut"]
[Date "2019.05.01"]
[Round "6.7"]
[White "Hariri, Nizar"]
[Black "Raetsky, Alexander"]
[Result "0-1"]
[ECO "E69"]
[WhiteElo "1958"]
[BlackElo "2394"]
[Annotator "NA"]
[PlyCount "58"]
[EventDate "2019.04.25"]
[EventType "swiss"]
[EventRounds "9"]
[EventCountry "LBN"]
[SourceTitle "playchess.com"]
[Source "ChessBase"]
[SourceQuality "1"]
[TimeControl "5400+30"]

1. c4 Nf6 2. g3 g6 3. Bg2 Bg7 4. Nc3 O-O 5. d4 d6 6. Nf3 Nbd7 7. O-O e5 8. e4 c6 9. h3 Re8 10. dxe5 dxe5 11. Be3 {E69: King's Indian: Fianchetto: 6...Nbd7 7 0-0 e5 8 e4 c6 9 h3} Qe7 12. Qc2 Nc5 13. Nd2 Nh5 $146 ({Predecessor:} 13... Ne6 14. Rad1 h5 15. Nf3 Nh7 16. h4 Nef8 17. Ng5 Nxg5 18. Bxg5 Qb4 {0-1 (48) Kanibalotzka,E (1851)-Heinig,W (2332) Dresden 2008}) 14. Bxc5 Qxc5 15. Na4 Qe7 16. c5 Be6 17. Rad1 f5 18. Nc4 Rf8 19. exf5 gxf5 20. Nd6 e4 21. Nc3 Kh8 22. Ne2 Be5 23. Nd4 Rad8 24. Qe2 Ng7 25. Nxe6 Nxe6 26. g4 Nf4 27. Qe3 Nxg2 28. Kxg2 f4 29. Nf5 $19 (29. Qe1 h5 30. f3) 29... fxe3 0-1

[Event "10th Beirut Open-ch 2019"]
[Site "Beirut"]
[Date "2019.05.01"]
[Round "6.8"]
[White "Najjar, Ahmad"]
[Black "Al Salman, Mohamad"]
[Result "1-0"]
[ECO "D02"]
[WhiteElo "2233"]
[BlackElo "1958"]
[PlyCount "87"]
[EventDate "2019.04.25"]
[EventType "swiss"]
[EventRounds "9"]
[EventCountry "LBN"]
[TimeControl "5400+30"]

1. Nf3 d5 2. d4 Nf6 3. Bf4 Bf5 4. e3 c6 5. Bd3 e6 6. Bxf5 exf5 7. O-O g6 8. Nbd2 Bg7 9. c4 O-O 10. Qb3 Qb6 11. Rfc1 Qxb3 12. Nxb3 Nbd7 13. Na5 dxc4 14. Nxb7 Nb6 15. Bd6 Rfe8 16. Ne5 Ne4 17. Nxc4 Nxc4 18. Rxc4 Nxd6 19. Nxd6 Re6 20. Nb7 Rb8 21. Nc5 Re7 22. Nb3 Rb6 23. Rac1 Ra6 24. a3 Rc7 25. g3 Bf8 26. Nc5 Ra5 27. Nd3 Ra6 28. R1c2 Bd6 29. R4c3 Rb6 30. d5 c5 31. b4 c4 32. Rxc4 Rxc4 33. Rxc4 Rb5 34. Rd4 Kf8 35. Kf1 f6 36. Ke2 Ke7 37. a4 Rb8 38. Rc4 g5 39. f3 h5 40. b5 g4 41. Nf4 Be5 42. Ng6+ Kd6 43. Rc6+ Kxd5 44. Ne7# 1-0

[Event "10th Beirut Open-ch 2019"]
[Site "Beirut"]
[Date "2019.05.01"]
[Round "6.9"]
[White "EL Mahmoud, AbdulAziz"]
[Black "Khoder, Akram"]
[Result "1-0"]
[ECO "A23"]
[WhiteElo "2108"]
[BlackElo "1608"]
[PlyCount "83"]
[EventDate "2019.04.25"]
[EventType "swiss"]
[EventRounds "9"]
[EventCountry "LBN"]
[TimeControl "5400+30"]

1. c4 e5 2. g3 Nf6 3. Nc3 c6 4. Bg2 d5 5. b3 Be6 6. Nf3 Bd6 7. cxd5 Bxd5 8. O-O O-O 9. Qc2 Bxf3 10. Bxf3 Nbd7 11. Bb2 Qe7 12. a3 a5 13. d3 Rac8 14. Rfc1 Rc7 15. Qd2 Rfc8 16. Nd1 b6 17. Ne3 Nc5 18. Nf5 Qe6 19. Qg5 Ne8 20. Bg4 Nxb3 21. Nxd6 Qxd6 22. Bxe5 Qg6 23. Qf4 Nxa1 24. Rxa1 f6 25. Qc4+ Kf8 26. Bxc8 Rxc8 27. Qe6 Rd8 28. Bf4 f5 29. Qb3 b5 30. Rc1 a4 31. Qb4+ Kg8 32. Rc5 Rc8 33. Qc3 Qe6 34. Re5 Qd7 35. Qc5 Nd6 36. Re3 Rd8 37. Bxd6 Qxd6 38. Qxf5 Qxa3 39. Qe6+ Kh8 40. Qxc6 Rb8 41. Re8+ Qf8 42. Rxf8+ 1-0

[Event "10th Beirut Open-ch 2019"]
[Site "Beirut"]
[Date "2019.05.01"]
[Round "6.10"]
[White "Moudallal, Tarek"]
[Black "Hanna, Elie"]
[Result "1-0"]
[ECO "C54"]
[WhiteElo "2043"]
[BlackElo "1726"]
[PlyCount "149"]
[EventDate "2019.04.25"]
[EventType "swiss"]
[EventRounds "9"]
[EventCountry "LBN"]
[TimeControl "5400+30"]

1. e4 e5 2. Nf3 Nc6 3. d4 exd4 4. Bc4 Bc5 5. c3 Nf6 6. cxd4 Bb4+ 7. Bd2 Nxe4 8. Bxb4 Nxb4 9. Bxf7+ Kxf7 10. Qb3+ d5 11. Ne5+ Ke6 12. Qxb4 c5 13. Qa3 cxd4 14. Nf3 Re8 15. O-O Kf7 16. Nxd4 Qb6 17. Nf3 Qd6 18. Qxd6 Nxd6 19. Nc3 Bg4 20. Nd4 Nc4 21. h3 Be6 22. b3 Nd2 23. Rfe1 Rec8 24. Ncb5 Ne4 25. Nxe6 Kxe6 26. f3 a6 27. Nd4+ Ke5 28. Rad1 Rd8 29. fxe4 dxe4 30. Nf3+ Kf4 31. Rxd8 Rxd8 32. Nh2 Rd2 33. g3+ Kf5 34. Rf1+ Ke6 35. Re1 Kd5 36. Nf1 Rxa2 37. Ne3+ Ke5 38. Kf1 Kd4 39. Nf5+ Kd5 40. Nxg7 Rb2 41. Re3 b5 42. Ke1 a5 43. Kd1 a4 44. bxa4 bxa4 45. Kc1 Rf2 46. Nh5 Rf3 47. Re2 Kd4 48. Kc2 a3 49. Kb1 e3 50. Kc2 a2 51. Re1 Rf2+ 52. Kb3 Kd3 53. Nf4+ Ke4 54. Kc3 Kf3 55. Nd3 Rd2 56. g4 Rh2 57. Kd4 e2 58. Ra1 Rxh3 59. Rxa2 Rh2 60. g5 Kg4 61. Ne1 Kxg5 62. Ke3 Rh3+ 63. Kf2 Rh2+ 64. Kg3 Rh1 65. Rxe2 Rh6 66. Nf3+ Kf6 67. Ra2 Rg6+ 68. Kf4 h5 69. Ra6+ Kg7 70. Ra7+ Kh6 71. Kf5 Rb6 72. Ne5 h4 73. Ng4+ Kh5 74. Rh7+ Rh6 75. Rxh6# 1-0

[Event "10th Beirut Open-ch 2019"]
[Site "Beirut"]
[Date "2019.05.01"]
[Round "6.11"]
[White "Salman, Samer"]
[Black "Novikova, Margarita"]
[Result "0-1"]
[ECO "B07"]
[WhiteElo "1505"]
[BlackElo "2032"]
[PlyCount "56"]
[EventDate "2019.04.25"]
[EventType "swiss"]
[EventRounds "9"]
[EventCountry "LBN"]
[TimeControl "5400+30"]

1. e4 d6 2. d4 Nf6 3. Nc3 g6 4. Be3 Bg7 5. f3 O-O 6. h4 e5 7. d5 Nh5 8. Nge2 f5 9. Bg5 Qe8 10. Rg1 Qf7 11. Be3 Nf6 12. Qd2 fxe4 13. fxe4 Ng4 14. O-O-O Nxe3 15. Qxe3 Bg4 16. Rd2 h5 17. Kb1 Kh7 18. Qg3 Bh6 19. Rd3 Nd7 20. b4 a5 21. Nb5 axb4 22. Nxc7 Ra5 23. Rb3 Nc5 24. Ne6 Nxe6 25. dxe6 Bxe6 26. Rxb4 Rxa2 27. Qe1 Rfa8 28. Qc3 R8a3 0-1

[Event "10th Beirut Open-ch 2019"]
[Site "Beirut"]
[Date "2019.05.01"]
[Round "6.12"]
[White "Hassweh, Mwaffaq"]
[Black "Ivanov, Mikhail M"]
[Result "0-1"]
[ECO "B06"]
[WhiteElo "1866"]
[BlackElo "2372"]
[PlyCount "98"]
[EventDate "2019.04.25"]
[EventType "swiss"]
[EventRounds "9"]
[EventCountry "LBN"]
[TimeControl "5400+30"]

1. e4 d6 2. d4 g6 3. Nf3 Bg7 4. Bc4 a6 5. O-O e6 6. Nc3 b5 7. Bb3 Bb7 8. Bg5 Qd7 9. Re1 h6 10. Bh4 c5 11. dxc5 dxc5 12. Bd5 Nc6 13. Bxc6 Qxc6 14. a3 Ne7 15. Nd5 Nxd5 16. exd5 Qxd5 17. c3 O-O 18. Be7 Rfc8 19. Qe2 Qh5 20. Ne5 Qxe2 21. Rxe2 Ra7 22. Bh4 g5 23. Bg3 Rd8 24. h4 f6 25. Ng6 Bd5 26. h5 Bc4 27. Re3 e5 28. a4 bxa4 29. Rxa4 Rd1+ 30. Kh2 Bb5 31. Ra5 c4 32. Re2 Rad7 33. Ra3 Rb1 34. f3 Rdd1 35. Bf2 Rh1+ 36. Kg3 Rxh5 37. Ne7+ Kf7 38. Nf5 Bf8 39. Ra2 Kg6 40. Ne3 f5 41. Nxf5 Kxf5 42. Bb6 Rhh1 43. Bc7 Rhe1 44. Rd2 h5 45. Kh2 Rh1+ 46. Kg3 h4+ 47. Kf2 Bc5+ 48. Rd4 exd4 49. g4+ hxg3+ 0-1

[Event "10th Beirut Open-ch 2019"]
[Site "Beirut"]
[Date "2019.05.01"]
[Round "6.13"]
[White "Ghnatios, Ralph"]
[Black "Khairallah, Faisal"]
[Result "0-1"]
[ECO "B07"]
[WhiteElo "1838"]
[BlackElo "2255"]
[PlyCount "78"]
[EventDate "2019.04.25"]
[EventType "swiss"]
[EventRounds "9"]
[EventCountry "LBN"]
[TimeControl "5400+30"]

1. e4 d6 2. d4 Nf6 3. Nd2 g6 4. Ngf3 Bg7 5. c3 O-O 6. Bd3 c5 7. O-O cxd4 8. cxd4 Nc6 9. Re1 e5 10. Nb3 Bg4 11. Be3 d5 12. h3 Bxf3 13. Qxf3 exd4 14. Bg5 Ne5 15. Qg3 Nxd3 16. Qxd3 dxe4 17. Rxe4 Qd5 18. Bxf6 Bxf6 19. Rae1 Rac8 20. a3 Rc6 21. Nc1 Rfc8 22. Ne2 Rb6 23. Nf4 Qb3 24. Qxb3 Rxb3 25. Nd5 Rc6 26. Nxf6+ Rxf6 27. Rxd4 Rxb2 28. f3 Rc6 29. Re7 Rcc2 30. Rg4 Kg7 31. Kh2 Kf6 32. Re3 h5 33. Rg3 Rb1 34. h4 Rc4 35. Rh3 Ra1 36. g4 Ra2+ 37. Kg3 hxg4 38. fxg4 Ra4 39. g5+ Kg7 0-1

[Event "10th Beirut Open-ch 2019"]
[Site "Beirut"]
[Date "2019.05.01"]
[Round "6.14"]
[White "Asmar, Elie"]
[Black "Bedrosian, Danielle"]
[Result "1-0"]
[ECO "B00"]
[WhiteElo "2009"]
[BlackElo "1676"]
[PlyCount "55"]
[EventDate "2019.04.25"]
[EventType "swiss"]
[EventRounds "9"]
[EventCountry "LBN"]
[TimeControl "5400+30"]

1. d4 b6 2. e4 Bb7 3. Bd3 g6 4. f4 Bg7 5. Nf3 e6 6. O-O Ne7 7. c3 d5 8. e5 Nd7 9. Be3 h5 10. Na3 Bh6 11. Qd2 Nf5 12. Bf2 Nf8 13. Nc2 Nh7 14. a4 g5 15. Bxf5 exf5 16. fxg5 Nxg5 17. Nxg5 Bxg5 18. Be3 Bxe3+ 19. Nxe3 Bc8 20. Nxf5 Be6 21. Ng7+ Kd7 22. Nxe6 fxe6 23. Rf7+ Kc6 24. Qe2 Qg8 25. Qb5+ Kb7 26. Raf1 Qg5 27. a5 Rag8 28. a6+ 1-0

[Event "10th Beirut Open-ch 2019"]
[Site "Beirut"]
[Date "2019.05.01"]
[Round "6.15"]
[White "Moughames, Ronald"]
[Black "Habash, Mohamad"]
[Result "1-0"]
[ECO "B74"]
[WhiteElo "1721"]
[BlackElo "1806"]
[PlyCount "261"]
[EventDate "2019.04.25"]
[EventType "swiss"]
[EventRounds "9"]
[EventCountry "LBN"]
[TimeControl "5400+30"]

1. e4 c5 2. Nf3 d6 3. d4 cxd4 4. Nxd4 Nf6 5. Nc3 Nc6 6. Be2 g6 7. Be3 Bg7 8. O-O O-O 9. Nb3 Be6 10. f4 Rc8 11. Bf3 b5 12. Nxb5 Bc4 13. Nxa7 Nxa7 14. Bxa7 Bxf1 15. Kxf1 Qc7 16. Bd4 Qxc2 17. Qxc2 Rxc2 18. Bc3 Nd7 19. Nd4 Rxc3 20. bxc3 Rc8 21. Nb5 Rc5 22. a4 Nb6 23. Be2 Bxc3 24. Nxc3 Rxc3 25. a5 Nc8 26. Rb1 Rc7 27. Rb8 Kg7 28. Ba6 Ra7 29. Bxc8 Rxa5 30. Rb7 Kf6 31. Bh3 h6 32. Ke2 g5 33. fxg5+ Rxg5 34. Ke3 Re5 35. Kf4 Rc5 36. Rb2 Ra5 37. Rd2 Rc5 38. Rd5 Rc2 39. Rf5+ Kg7 40. Ke3 Ra2 41. Rf2 Ra5 42. Bd7 e6 43. Kd4 Ra7 44. Bb5 Rc7 45. Rf3 Rc2 46. Be8 Rc7 47. Rc3 Re7 48. Rc8 Ra7 49. Ke3 Kf6 50. Rc2 Ke5 51. Bc6 f5 52. exf5 Ra3+ 53. Ke2 Kxf5 54. Rb2 d5 55. Kf2 Rc3 56. Bd7 Rc7 57. g4+ Kxg4 58. Bxe6+ Kf4 59. Bxd5 Rc3 60. Rb4+ Kg5 61. Re4 Rc2+ 62. Kg3 Rc3+ 63. Kf2 Rc2+ 64. Kf3 Rc3+ 65. Ke2 Rc2+ 66. Ke3 Rxh2 67. Re8 Rb2 68. Rg8+ Kf6 69. Kf4 Rf2+ 70. Bf3 Rb2 71. Rc8 Rb6 72. Be4 Ke7 73. Bd5 Kd6 74. Be4 Ke7 75. Rh8 Rf6+ 76. Ke5 Re6+ 77. Kd5 Rd6+ 78. Kc5 Ra6 79. Rh7+ Kf8 80. Bc6 Ra1 81. Rxh6 Ke7 82. Kd5 Ra5+ 83. Kd4 Ra1 84. Ke5 Re1+ 85. Be4 Rf1 86. Rh7+ Rf7 87. Rh6 Rf1 88. Re6+ Kf7 89. Ra6 Kg7 90. Ra7+ Rf7 91. Ra6 Rf1 92. Rg6+ Kf8 93. Kd6 Kf7 94. Ke5 Ke7 95. Re6+ Kf7 96. Rb6 Kg7 97. Bf5 Re1+ 98. Kf4 Rg1 99. Bg4 Rf1+ 100. Kg5 Kf8 101. Bf5 Ke7 102. Re6+ Kf7 103. Rd6 Rg1+ 104. Bg4 Ke7 105. Rd7+ Ke8 106. Ra7 Kd8 107. Kf5 Re1 108. Kf6 Re3 109. Rd7+ Ke8 110. Rc7 Kf8 111. Be6 Rf3+ 112. Bf5 Re3 113. Rh7 Rg3 114. Rh8+ Rg8 115. Rh2 Rg1 116. Rd2 Re1 117. Bd3 Re3 118. Rb2 Rf3+ 119. Bf5 Re3 120. Rh2 Rg3 121. Rh4 Rg2 122. Rc4 Re2 123. Rc7 Re1 124. Bd3 Re3 125. Rc8+ Re8 126. Rc5 Re3 127. Rd5 Re1 128. Bb5 Kg8 129. Rd8+ Kh7 130. Bd3+ Re4 131. Bxe4+ 1-0

[Event "10th Beirut Open-ch 2019"]
[Site "Beirut"]
[Date "2019.05.01"]
[Round "6.16"]
[White "Sharbel, Marwan"]
[Black "Terzian, Kevork"]
[Result "1-0"]
[ECO "E61"]
[WhiteElo "1973"]
[BlackElo "1731"]
[PlyCount "72"]
[EventDate "2019.04.25"]
[EventType "swiss"]
[EventRounds "9"]
[EventCountry "LBN"]
[TimeControl "5400+30"]

1. d4 Nf6 2. c4 g6 3. Nc3 Bg7 4. Nf3 d6 5. Bg5 h6 6. Bd2 Nbd7 7. e4 e5 8. d5 Nc5 9. Qc2 a5 10. h3 Bd7 11. Be3 b6 12. g4 g5 13. Bg2 c6 14. O-O cxd5 15. cxd5 Rc8 16. Rac1 Ncxe4 17. Nxe5 Nxc3 18. Nxd7 Nxd7 19. bxc3 Rxc3 20. Qe4+ Kf8 21. Rxc3 Bxc3 22. Rc1 Be5 23. Rc6 Qb8 24. Qa4 Bf6 25. Qb5 Bd8 26. Be4 Ne5 27. Rc1 h5 28. Bf5 hxg4 29. Rc8 Nf3+ 30. Kf1 Qxc8 31. Bxc8 gxh3 32. Bxh3 Rxh3 33. Qd7 Rh1+ 34. Kg2 Rg1+ 35. Kxf3 g4+ 36. Ke4 Bh4 1-0

[Event "10th Beirut Open-ch 2019"]
[Site "Beirut"]
[Date "2019.05.01"]
[Round "6.17"]
[White "Khechen, Nabil E"]
[Black "Berbari, Imad"]
[Result "0-1"]
[ECO "B06"]
[WhiteElo "1933"]
[BlackElo "1666"]
[PlyCount "102"]
[EventDate "2019.04.25"]
[EventType "swiss"]
[EventRounds "9"]
[EventCountry "LBN"]
[TimeControl "5400+30"]

1. e4 g6 2. Nc3 Bg7 3. d4 d6 4. Bc4 e6 5. f4 c6 6. Bb3 Qh4+ 7. g3 Qd8 8. Nf3 Nd7 9. Be3 b5 10. a4 b4 11. Ne2 a5 12. Bc4 Ba6 13. Bxa6 Rxa6 14. Qd3 Ra8 15. Nd2 Qc7 16. Nc4 d5 17. Nd2 dxe4 18. Nxe4 Ngf6 19. c4 bxc3 20. Nxf6+ Nxf6 21. bxc3 O-O 22. Qc4 Rab8 23. Bc1 h5 24. Ba3 Rfc8 25. Nc1 Nd5 26. Qd3 Qd8 27. O-O Nxc3 28. Bc5 Nd5 29. Qd2 Rb7 30. Nd3 Bf8 31. Bxf8 Kxf8 32. Nc5 Rb4 33. Rae1 Kg8 34. Qd3 Nc7 35. Rd1 Qd5 36. Rfe1 Rb2 37. Re2 Rcb8 38. Red2 Qa2 39. Qc3 Rxd2 40. Rxd2 Rb1+ 41. Kf2 Qd5 42. Qf3 Qc4 43. Kg2 Qc1 44. Rf2 Nd5 45. Nd3 Qc3 46. Qe4 Rd1 47. Rf3 Qc2+ 48. Kh3 Qxa4 49. Nc5 Qxd4 50. Qe2 Rd2 51. Nxe6 Qb2 0-1

[Event "10th Beirut Open-ch 2019"]
[Site "Beirut"]
[Date "2019.05.01"]
[Round "6.18"]
[White "Nassar, Marc"]
[Black "Salameh, Sleiman"]
[Result "1-0"]
[ECO "B19"]
[WhiteElo "1909"]
[BlackElo "1621"]
[PlyCount "71"]
[EventDate "2019.04.25"]
[EventType "swiss"]
[EventRounds "9"]
[EventCountry "LBN"]
[TimeControl "5400+30"]

1. e4 c6 2. d4 d5 3. Nc3 dxe4 4. Nxe4 Bf5 5. Ng3 Bg6 6. h4 h6 7. Nf3 Nf6 8. Ne5 Bh7 9. c3 Nbd7 10. Nf3 e6 11. Bd3 Bxd3 12. Qxd3 Bd6 13. Bd2 Bxg3 14. fxg3 Nc5 15. Qe2 Nce4 16. Bf4 Qd5 17. Ne5 Qb5 18. Qc2 Qd5 19. Qe2 Qb5 20. Nc4 Qh5 21. Qf3 Qb5 22. b3 Qd5 23. O-O-O b5 24. Ne5 O-O 25. g4 h5 26. gxh5 Nxh5 27. Qxh5 Nf2 28. Qf3 Qxf3 29. gxf3 Nxh1 30. Rxh1 Rac8 31. Rg1 Kh7 32. h5 c5 33. Nd7 Rfe8 34. h6 cxd4 35. Rxg7+ Kh8 36. Nf6 1-0

[Event "10th Beirut Open-ch 2019"]
[Site "Beirut"]
[Date "2019.05.01"]
[Round "6.19"]
[White "Attieh, Wael"]
[Black "Al Azmi, Khalaf"]
[Result "1/2-1/2"]
[ECO "C64"]
[WhiteElo "1823"]
[BlackElo "1740"]
[PlyCount "60"]
[EventDate "2019.04.25"]
[EventType "swiss"]
[EventRounds "9"]
[EventCountry "LBN"]
[TimeControl "5400+30"]

1. e4 e5 2. Nf3 Nc6 3. Bb5 Bc5 4. Nc3 Nge7 5. Na4 Bb6 6. Nxb6 axb6 7. d3 O-O 8. O-O d6 9. h3 h6 10. Be3 Ng6 11. Qd2 Nh4 12. Nxh4 Qxh4 13. f4 f5 14. exf5 Bxf5 15. fxe5 Nxe5 16. Rf4 Qg3 17. d4 Ng6 18. Rf3 Qh4 19. Bc4+ Kh7 20. Raf1 Be4 21. Rxf8 Rxf8 22. Rxf8 Nxf8 23. Bd3 d5 24. Bf2 Qe7 25. Qe3 Nd7 26. c4 c6 27. Bg3 Nf6 28. Be5 Bxd3 29. Qxd3+ Ne4 30. cxd5 cxd5 1/2-1/2

[Event "10th Beirut Open-ch 2019"]
[Site "Beirut"]
[Date "2019.05.01"]
[Round "6.20"]
[White "Hasan Ali Prince"]
[Black "Slim, Nadim"]
[Result "1/2-1/2"]
[ECO "B22"]
[WhiteElo "1854"]
[BlackElo "1781"]
[PlyCount "78"]
[EventDate "2019.04.25"]
[EventType "swiss"]
[EventRounds "9"]
[EventCountry "LBN"]
[TimeControl "5400+30"]

1. e4 c5 2. Nf3 Nc6 3. c3 d5 4. exd5 Qxd5 5. d4 cxd4 6. cxd4 e5 7. Nxe5 Bb4+ 8. Bd2 Qxd4 9. Nxc6 bxc6 10. Bxb4 Qxb4+ 11. Qd2 Qxd2+ 12. Nxd2 Nf6 13. Bc4 O-O 14. O-O Rd8 15. Rfd1 Be6 16. Bxe6 fxe6 17. Nb3 Kf7 18. Kf1 Nd5 19. Rac1 Rd6 20. Rd4 Rb8 21. Ra4 Rb7 22. Nc5 Rxb2 23. Rxa7+ Kg6 24. Re1 Nc3 25. Nxe6 Rdd2 26. Nf4+ Kh6 27. Nh3 Rxa2 28. Rc7 Ra6 29. Re6+ g6 30. g3 Nb5 31. Rcxc6 Ra1+ 32. Re1 Rxe1+ 33. Kxe1 Ra2 34. Kf1 Nd4 35. Rc5 Nf3 36. Kg2 Ne1+ 37. Kf1 Nf3 38. Kg2 Ne1+ 39. Kh1 Nd3 1/2-1/2

[Event "10th Beirut Open-ch 2019"]
[Site "Beirut"]
[Date "2019.05.01"]
[Round "6.21"]
[White "Haidar, Wassim"]
[Black "Kabalan, Farah"]
[Result "1-0"]
[ECO "C24"]
[WhiteElo "1707"]
[BlackElo "1602"]
[PlyCount "71"]
[EventDate "2019.04.25"]
[EventType "swiss"]
[EventRounds "9"]
[EventCountry "LBN"]
[TimeControl "5400+30"]

1. e4 e5 2. Bc4 Nf6 3. d3 c6 4. Nf3 d5 5. exd5 cxd5 6. Bb3 Nc6 7. h3 h6 8. O-O Bd6 9. Re1 O-O 10. Nc3 Bb8 11. Nh2 Nd4 12. Ne2 Nxb3 13. axb3 Nh5 14. g4 Nf4 15. Nxf4 exf4 16. Qf3 g5 17. Bd2 a5 18. Qe2 Bd6 19. Bc3 b5 20. Bd4 Bb7 21. Nf3 Re8 22. Qd2 b4 23. Rxe8+ Qxe8 24. Re1 Qd8 25. Qe2 Bf8 26. Qe5 f6 27. Qxf6 Qxf6 28. Bxf6 Kf7 29. Bd4 Bd6 30. Ra1 Bc7 31. Re1 Re8 32. Rxe8 Kxe8 33. Bg7 Bd8 34. Bxh6 Kf7 35. Bxg5 Bxg5 36. Nxg5+ 1-0

[Event "10th Beirut Open-ch 2019"]
[Site "Beirut"]
[Date "2019.05.01"]
[Round "6.22"]
[White "Arkadan, Adib"]
[Black "Djikerian, Rafi"]
[Result "1-0"]
[ECO "A08"]
[WhiteElo "1686"]
[BlackElo "1833"]
[PlyCount "101"]
[EventDate "2019.04.25"]
[EventType "swiss"]
[EventRounds "9"]
[EventCountry "LBN"]
[TimeControl "5400+30"]

1. Nf3 c5 2. g3 Nc6 3. Bg2 g6 4. O-O d5 5. d3 Bg7 6. Nbd2 Nf6 7. Re1 O-O 8. e4 dxe4 9. Nxe4 Nxe4 10. Rxe4 Bf5 11. Re1 Qd7 12. Nd2 Rad8 13. Ne4 b6 14. Nc3 Nd4 15. Be3 Bg4 16. f3 Bh3 17. Bxd4 Bxd4+ 18. Kh1 Bxg2+ 19. Kxg2 b5 20. Qc1 e6 21. Ne4 Qc6 22. c3 Bg7 23. Qe3 Rd5 24. Rad1 Rfd8 25. Rd2 h6 26. Nf2 Re5 27. Ne4 f5 28. d4 cxd4 29. cxd4 Red5 30. Nc3 Rxd4 31. Rxd4 Rxd4 32. Qxe6+ Qxe6 33. Rxe6 Rd2+ 34. Kh3 Rxb2 35. Nd5 Rxa2 36. Re8+ Kf7 37. Re7+ Kf8 38. Rb7 a6 39. Nc7 Be5 40. Ne6+ Ke8 41. Rb6 g5 42. Nc5 h5 43. Re6+ Kf7 44. Rxe5 g4+ 45. fxg4 fxg4+ 46. Kh4 Rxh2+ 47. Kg5 a5 48. Nb7 Rh3 49. Nd6+ Kf8 50. Kf6 Kg8 51. Kg6 1-0

[Event "10th Beirut Open-ch 2019"]
[Site "Beirut"]
[Date "2019.05.01"]
[Round "6.23"]
[White "Muhssen, Fared Saleh"]
[Black "Eid, Wissam"]
[Result "1-0"]
[ECO "D66"]
[WhiteElo "1898"]
[BlackElo "1568"]
[PlyCount "117"]
[EventDate "2019.04.25"]
[EventType "swiss"]
[EventRounds "9"]
[EventCountry "LBN"]
[TimeControl "5400+30"]

1. d4 d5 2. c4 e6 3. Nc3 Nf6 4. Bg5 c6 5. e3 Bd6 6. Nf3 O-O 7. Bd3 dxc4 8. Bxc4 b5 9. Bd3 Nbd7 10. e4 Be7 11. O-O Bb7 12. Rc1 a6 13. e5 Ne8 14. Bxe7 Qxe7 15. Ne4 h6 16. Qe2 f6 17. Nc5 Nxc5 18. Rxc5 f5 19. Bc2 Nc7 20. Bb3 a5 21. Rfc1 a4 22. Bd1 Nd5 23. Qd2 Rfc8 24. Be2 Qe8 25. Ne1 Qg6 26. Bf3 Qg5 27. Qxg5 hxg5 28. Bxd5 cxd5 29. Nd3 Rxc5 30. Nxc5 Rc8 31. a3 Kf7 32. Kf1 f4 33. f3 Rc7 34. Ke1 Bc8 35. Kd2 Bd7 36. Nxd7 Rxd7 37. Rc5 Rb7 38. Kc3 Kg6 39. Kb4 Kf5 40. h3 g6 41. Rxb5 Rc7 42. Rc5 Rb7+ 43. Rb5 Rc7 44. Kxa4 Rc2 45. Rb8 g4 46. hxg4+ Kg5 47. b4 Kh4 48. Rb6 Kg3 49. Rxe6 Kxg2 50. Rxg6 Kxf3 51. e6 Kg2 52. b5 f3 53. b6 Rc8 54. Rf6 f2 55. Kb5 f1=Q+ 56. Rxf1 Kxf1 57. e7 Ke2 58. b7 Re8 59. Kc6 1-0

[Event "10th Beirut Open-ch 2019"]
[Site "Beirut"]
[Date "2019.05.01"]
[Round "6.24"]
[White "Al Onizan, Fahad M"]
[Black "Tarraf, Tarraf"]
[Result "0-1"]
[ECO "B01"]
[WhiteElo "1822"]
[BlackElo "1647"]
[PlyCount "66"]
[EventDate "2019.04.25"]
[EventType "swiss"]
[EventRounds "9"]
[EventCountry "LBN"]
[TimeControl "5400+30"]

1. e4 d5 2. exd5 Nf6 3. d4 Bg4 4. f3 Bf5 5. c4 e6 6. dxe6 Nc6 7. exf7+ Kxf7 8. Be3 Bb4+ 9. Nc3 Re8 10. Kf2 Rxe3 11. Kxe3 Qe7+ 12. Kf2 Nxd4 13. Bd3 Bc5 14. Kf1 Qe3 15. Bxf5 Nxf5 16. Nh3 c6 17. Qc2 Nd4 18. Qd1 Rd8 19. Na4 Ne6 20. Qe2 Qd4 21. Re1 Re8 22. Rd1 Qh4 23. Nxc5 Nxc5 24. Qc2 Ne6 25. Qc3 c5 26. Qe1 Qxc4+ 27. Kg1 Nd4 28. Ng5+ Kg8 29. Ne4 Ne2+ 30. Kf2 Nxe4+ 31. fxe4 Qxe4 32. Qd2 Rf8+ 33. Ke1 Nd4+ 0-1